 Dungeon Crawl Stone Soup version 0.31-a0-360-gb3e1d13bf4 (webtiles) character file.

Game seed: 15574162641957018386

4 cforsyth the Charlatan (level 1, 0/17 HPs)
             Began as a Gnoll Artificer on July 26, 2023.
             Slain by a hobgoblin (1 damage)
             ... on level 1 of the Dungeon.
             The game lasted 00:00:15 (196 turns).

cforsyth the Charlatan (Gnoll Artificer)             Turns: 196, Time: 00:00:16

Health: 0/17       AC:  3    Str: 11    XL:     1   Next: 60%
Magic:  1/1        EV: 12    Int: 10    God:
Gold:   8          SH:  0    Dex: 12    Spells: 0/0 levels left

rFire   . . .        a - +0 club
rCold   . . .        (no shield)
rNeg    . . .        b - +0 leather armour
rPois   .            (no helmet)
rElec   .            (no cloak)
rCorr   .            (no gloves)
SInv    .            (no boots)
Will    .....        (no amulet)
Stlth   ++           (no ring)
HPRegen 0.22/turn    (no ring)
MPRegen 0.07/turn

%: no passive effects
@: no status effects
A: fangs 1, strong nose, distributed training
a: no special abilities


You were on level 1 of the Dungeon.
You visited 1 branch of the dungeon, and saw 1 of its levels.

You collected 8 gold pieces.

Inventory:

Hand Weapons
 a - a +0 club (weapon)
Armour
 b - a +0 leather armour (worn)
Jewellery
 g - a ring of willpower
Wands
 c - a wand of flame (15) (quivered)
 d - a wand of charming (15)
 e - a wand of iceblast (5)
Scrolls
 f - a scroll of identify {unknown}


   Skills:
 + Level 2.4 Fighting
 + Level 0.1 Short Blades
 + Level 0.1 Long Blades
 + Level 0.1 Axes
 + Level 0.1 Maces & Flails
 + Level 0.1 Polearms
 + Level 0.1 Staves
 + Level 0.1 Ranged Weapons
 + Level 0.1 Throwing
 + Level 4.4 Armour
 + Level 2.4 Dodging
 + Level 2.2 Stealth
 + Level 0.1 Shields
 + Level 0.1 Unarmed Combat
 + Level 0.1 Spellcasting
 + Level 0.1 Conjurations
 + Level 0.1 Hexes
 + Level 0.1 Summonings
 + Level 0.1 Necromancy
 + Level 0.1 Translocations
 + Level 0.1 Transmutations
 + Level 0.1 Fire Magic
 + Level 0.1 Ice Magic
 + Level 0.1 Air Magic
 + Level 0.1 Earth Magic
 + Level 0.1 Poison Magic
 + Level 0.2 Invocations
 + Level 6.4 Evocations
 + Level 0.1 Shapeshifting


You couldn't memorise any spells.
You didn't know any spells.
Your spell library contained the following spells:

 Spells                   Type           Power      Damage    Failure   Level
 Kiss of Death            Conj/Necr      0%         2d5       43%         1
 Confusing Touch          Hex            0%         N/A       80%         3
 Inner Flame              Hex/Fire       0%         N/A       80%         3
 Dispel Undead            Necr           0%         3d6       99%         4
 Flame Wave               Conj/Fire      0%         2d4       99%         4
 Sticky Flame             Conj/Fire      0%         2d3       99%         4


Dungeon Overview and Level Annotations

Branches:
Dungeon (1/15)

Altars:


Innate Abilities, Weirdness & Mutations

You have very sharp teeth.
Your uncanny sense of smell can sniff out nearby items.
Your experience applies equally to all skills.


Message History

A rat comes into view.
The hobgoblin hits you.
You hit the hobgoblin.
The hobgoblin is lightly wounded.
The hobgoblin hits you. The hobgoblin closely misses you.
You barely miss the hobgoblin.
The hobgoblin is lightly wounded.
The hobgoblin hits you.
You are too injured to fight recklessly!
You are too injured to fight recklessly!
You are too injured to fight recklessly!
You are too injured to fight recklessly!
You are too injured to fight recklessly!
You are too injured to fight recklessly!
You are too injured to fight recklessly!
You are too injured to fight recklessly!
You are too injured to fight recklessly!
You are too injured to fight recklessly!
You see here a ball python corpse.
You barely miss the hobgoblin.
The hobgoblin is lightly wounded.
The hobgoblin hits you.
You closely miss the hobgoblin.
The hobgoblin is lightly wounded.
The hobgoblin hits you. The hobgoblin closely misses you.
You hit the hobgoblin but do no damage.
The hobgoblin is lightly wounded.
The rat bites you. The hobgoblin hits you.
* * * LOW HITPOINT WARNING * * *
You hit the hobgoblin but do no damage.
The hobgoblin is lightly wounded.
The rat misses you. The hobgoblin closely misses you.
You hit the hobgoblin.
The hobgoblin is almost dead.
The rat completely misses you. The hobgoblin hits you.
* * * LOW HITPOINT WARNING * * *
You barely miss the hobgoblin.
The hobgoblin is almost dead.
The hobgoblin hits you.
You die...

..#
...............
..# ##.........#
### #..........#
#..........#
#..##†###..#
#..#.......# #
#$.#.##...####.
##
#..#gr#........
.#
#.#..#@.#......#.
.##
#.#.......####.#
..# # #.#.......#
# ..# #.∆
#.###.>.).# .##
#..##. +.....#
...
#.....###.....#
....#
#.....>.#..#.....
#####
#####.#.#.#######
######## #.#.#.#


You could see a hobgoblin and a rat.

Vanquished Creatures
  A ball python (D:1)
  A bat (D:1)
  A kobold (D:1)
3 creatures vanquished.

Notes
Turn   | Place    | Note
-------+----------+-------------------------------------------
     0 | D:1      | cforsyth the Gnoll Artificer began the quest for the Orb.
     0 | D:1      | Reached XP level 1. HP: 17/17 MP: 1/1
   196 | D:1      | Slain by a hobgoblin

Illustrated notes

Levels and vault maps discovered:
D:1:      minmay_arrival_wavy_path, layout_basic, kennysheep_pointless_box

Action                     || total
---------------------------++-------
  Melee: Club              ||    24
         Bite              ||     1
 Armour: Leather armour    ||    11
  Dodge: Dodged            ||    24

Table legend: (Time is in decaauts)
 A = Elapsed time spent in this place.
 B = Non-inter-level travel time spent in this place.
 C = Inter-level travel time spent in this place.
 D = Time resting spent in this place.
 E = Time spent auto-exploring this place.
 F = Levels seen in this place.
 G = Mean time per level.
                   A        B        C        D        E       F      G
               +--------+--------+--------+--------+--------+-----+--------+
         Total |    202 |    202 |      0 |      0 |    136 |   1 |  202.0 |
       Dungeon |    202 |    202 |      0 |      0 |    136 |   1 |  202.0 |
               +--------+--------+--------+--------+--------+-----+--------+

Top non-repeatable levels by time:
     D:1: 202 daAuts
